 Dungeon Crawl Stone Soup version 0.30.1-3-gfc49f6343a (webtiles) character file.

Game seed: 14993949247620695278

11875 fdsf the Slicer (level 12, -6/79 HPs)
             Began as a Kobold Berserker on Aug 9, 2023.
             Was an Elder of Trog.
             Mangled by a two-headed ogre
             ... wielding a +0 giant club
              (19 damage)
             ... on level 11 of the Dungeon.
             The game lasted 00:25:59 (12664 turns).

fdsf the Slicer (Kobold Berserker)                 Turns: 12664, Time: 00:26:01

Health: -6/79      AC:  6    Str: 14    XL:     12   Next: 13%
Magic:  12/12      EV: 22    Int:  9    God:    Trog [****..]
Gold:   191        SH:  0    Dex: 19    Spells: 11/11 levels left

rFire   . . .        e - +8 rapier (drain)
rCold   . . .        (no shield)
rNeg    . . .        E - +0 steam dragon scales
rPois   .            (helmet restricted)
rElec   .            a - +0 cloak
rCorr   .            (no gloves)
SInv    +            (no boots)
Will    ++...        (no amulet)
Stlth   ++++++       y - ring of see invisible
HPRegen 1.33/turn    f - +4 ring of slaying
MPRegen 0.13/turn

%: no passive effects
@: strong-willed, regenerating
A: small, no large weapons, nightstalker 3, horns 2, wild magic 1
a: Renounce Religion, Berserk, Trog's Hand, Brothers in Arms


You were on level 11 of the Dungeon.
You worshipped Trog.
Trog was greatly pleased with you.
You visited 1 branch of the dungeon, and saw 11 of its levels.

You collected 563 gold pieces.
You spent 372 gold pieces at shops.

Inventory:

Hand Weapons
 e - a +8 rapier of draining (weapon)
Armour
 a - a +0 cloak (worn)
 j - a +0 helmet
 w - a +2 robe of fire resistance
 C - a +2 hat
 D - a +1 robe of cold resistance
 E - +0 steam dragon scales (worn)
Jewellery
 f - a +4 ring of slaying (right hand)
 k - a ring of positive energy
 u - a ring of ice
 y - a ring of see invisible (left hand)
Wands
 m - a wand of charming (15)
 n - a wand of polymorph (9)
 s - a wand of digging (2)
 t - a wand of iceblast (22)
 F - a wand of flame (5)
Scrolls
 o - 7 scrolls of teleportation
 z - 2 scrolls of poison
 A - a scroll of fear
 B - a scroll of summoning
Potions
 b - 2 potions of flight
 c - 4 potions of degeneration
 d - 2 potions of might
 g - a potion of attraction
 h - 10 potions of curing
 i - a potion of lignification {unknown}
 l - 2 potions of invisibility {unknown}
 p - a potion of berserk rage {unknown}
 q - a potion of magic {unknown}
 r - 2 potions of brilliance
 x - a potion of heal wounds


   Skills:
 * Level 10.9 Fighting
 - Level 14.0 Short Blades
 - Level 1.5 Armour
 + Level 10.6 Dodging
 + Level 12.1 Stealth


You had 11 spell levels left.
You didn't know any spells.
Your spell library was empty.

Dungeon Overview and Level Annotations

Branches:
Dungeon (11/15)            Temple (0/1) D:6
   Lair: D:8-11         Orc: D:9-12

Altars:
Fedhas
Makhleb
Nemelex Xobeh
Qazlal

Shops:
D:4 *   D:8 =   D:10 *


Innate Abilities, Weirdness & Mutations

You are small and have problems with some larger weapons.
You are completely attuned to the shadows.
You have a pair of horns on your head.
Your spells are a little harder to cast, but a little more powerful.


Message History

The troll bites you! The troll claws you! The troll closely misses you.
You see here a yak corpse.
You closely miss the troll. The troll bites you! The troll misses you.
The troll completely misses you. The yak misses you.
You hit the troll.
The troll is lightly wounded.
You puncture the troll!
The troll is heavily wounded.
The yak closely misses you. The troll bites you! The troll misses you.
The troll claws you but does no damage. The yak gores you.
You puncture the troll! You headbutt the troll.
You kill the troll!
Trog accepts your kill.
The troll leather armour is intact enough to wear.
A two-headed ogre comes into view. It is wielding two +0 giant clubs.
You feel much better. The yak gores you. The two-headed ogre barely misses you.
The two-headed ogre closely misses you.
Your skin crawls.
You feel strong-willed. The yak misses you.
The two-headed ogre barely misses you.
The two-headed ogre hits you with a +0 giant club!
You puncture the yak! You drain the yak. You headbutt the yak.
The yak is severely wounded.
The yak barely misses you. The yak gores you!
* * * LOW HITPOINT WARNING * * *
The yak misses you.
You feel much better.
The two-headed ogre hits you with a +0 giant club!
* * * LOW HITPOINT WARNING * * *
The two-headed ogre misses you. The yak misses you. The yak gores you!
* * * LOW HITPOINT WARNING * * *
The yak completely misses you.
Okay, then.
The yak attacks as you move away! The yak barely misses you.
The yak closely misses you. The yak attacks as you move away!
The yak barely misses you. The yak attacks as you move away!
The yak barely misses you.
The two-headed ogre attacks as you move away!
The two-headed ogre hits you with a +0 giant club!!
You die...

## ### .###########
#.##.# ## .....#..##.#
#.##.# .# ####.##....##
##.##.# .###
##.###.#..###..#Y.##....
#..# ##....##.@OY..†.#
##.#####........Y.Y[###
##.....##......###...#
..................#...#
....###................
............[.####
...>..........
..##.)...<....
..#####......


You could see a two-headed ogre and 4 yaks.

Vanquished Creatures
  4 two-headed ogres
  Nergalle (D:11)
  2 cyclopes (D:11)
  2 gargoyles
  3 trolls
  Grinder (D:4)
  A wraith (D:11)
  3 wyverns
  Eustachio (D:4)
  2 steam dragons
  12 yaks
  3 water moccasins
  4 orc warriors
  An ice beast (D:7)
  An ogre (D:6)
  3 black bears
  3 centaurs
  A phantom (D:3)
  6 bullfrogs
  3 kobold brigands
  Blork the orc (D:3)
  A gnoll sergeant (D:6)
  5 scorpions
  12 wights (D:8)
  A howler monkey (D:7)
  5 hounds
  A jelly (D:5)
  3 quasits (D:5)
  3 orc priests
  4 iguanas
  Natasha (thrice) (D:2)
  4 orc wizards
  10 gnolls
  10 adders
  A shadow imp (D:6)
  3 white imps (D:6)
  2 ufetubi
  A dart slug (D:2)
  26 orcs
  6 ball pythons
  4 bats
  6 endoplasms
  A giant cockroach (D:1)
  8 goblins
  5 hobgoblins
  3 jackals
  18 kobolds
  2 quokkas (D:2)
  5 frilled lizards
  4 rats
215 creatures vanquished.

Vanquished Creatures (collateral kills)
  2 wights (D:8)
2 creatures vanquished.

Grand Total: 217 creatures vanquished

Notes
Turn   | Place    | Note
-------+----------+-------------------------------------------
     0 | D:1      | fdsf the Kobold Berserker began the quest for the Orb.
     0 | D:1      | Reached XP level 1. HP: 14/14 MP: 1/1
     0 | D:1      | Noticed a demonspawn
     0 | D:1      | Noticed a merfolk
     3 | D:1      | Noticed a spriggan
     5 | D:1      | Noticed a minotaur
     6 | D:1      | Noticed a formicid
     9 | D:1      | Noticed a formicid
    11 | D:1      | Noticed a dwarf
    11 | D:1      | Noticed a merfolk
    13 | D:1      | Noticed an octopode
    13 | D:1      | Noticed a troll
    15 | D:1      | Noticed a demigod
    17 | D:1      | Noticed a spriggan
    17 | D:1      | Noticed a vine stalker
    17 | D:1      | Noticed a vine stalker
    18 | D:1      | Noticed an elf
    19 | D:1      | Noticed a naga
    19 | D:1      | Noticed a vine stalker
    24 | D:1      | Noticed a felid
   342 | D:1      | Reached XP level 2. HP: 8/19 MP: 2/2
   466 | D:1      | Reached skill level 1 in Stealth
  1058 | D:2      | Reached XP level 3. HP: 23/23 MP: 3/3
  1138 | D:2      | Noticed Natasha
  1144 | D:2      | Killed Natasha
  1168 | D:2      | Reached skill level 5 in Short Blades
  1168 | D:2      | Reached XP level 4. HP: 29/29 MP: 4/4
  1293 | D:2      | Noticed Natasha
  1302 | D:2      | Killed Natasha
  1405 | D:2      | Noticed Natasha
  1418 | D:2      | Reached ** piety under Trog
  1421 | D:2      | Killed Natasha
  1422 | D:2      | Reached XP level 5. HP: 19/33 MP: 5/5
  3316 | D:4      | Noticed a phantom
  3356 | D:4      | Noticed Blork the orc
  3368 | D:3      | Reached skill level 6 in Short Blades
  3368 | D:3      | Reached XP level 6. HP: 23/38 MP: 6/6
  3453 | D:3      | HP: 1/57 [gnoll/+0 whip (6)]
  3741 | D:3      | Killed Blork the orc
  3799 | D:4      | Reached XP level 7. HP: 23/44 MP: 7/7
  3942 | D:4      | Noticed Grinder
  3964 | D:4      | Killed Grinder
  3965 | D:4      | Reached skill level 7 in Short Blades
  3967 | D:4      | Found Restron's CLEARANCE SALE!.
  4059 | D:4      | Reached skill level 5 in Fighting
  4133 | D:4      | Reached skill level 5 in Stealth
  4245 | D:4      | Found a blossoming altar of Fedhas.
  4250 | D:4      | Found a stormy altar of Qazlal.
  4394 | D:4      | Reached XP level 8. HP: 49/49 MP: 8/8
  4426 | D:4      | Reached skill level 8 in Short Blades
  4426 | D:4      | Reached skill level 5 in Dodging
  4645 | D:4      | Noticed Eustachio
  4658 | D:4      | Killed Eustachio
  4749 | D:4      | Bought a scroll of teleportation for 15 gold pieces
  4749 | D:4      | Bought a scroll of identify for 10 gold pieces
  4749 | D:4      | Bought a +0 cloak for 22 gold pieces
  4772 | D:4      | Identified a scroll of acquirement
  4772 | D:4      | Acquired a +3 rapier of draining
  4826 | D:5      | Entered Level 5 of the Dungeon
  5276 | D:5      | Reached skill level 9 in Short Blades
  5551 | D:5      | Reached XP level 9. HP: 36/55 MP: 9/9
  6033 | D:5      | Found a burning altar of Makhleb.
  6510 | D:6      | Gained mutation: Your spells are a little harder to cast,
                  | but a little more powerful. [potion of mutation]
  6510 | D:6      | Gained mutation: You have a pair of small horns on your
                  | head. [potion of mutation]
  6510 | D:6      | Gained mutation: You have a pair of horns on your head.
                  | [potion of mutation]
  6589 | D:6      | Found a staircase to the Ecumenical Temple.
  6903 | D:6      | Reached skill level 10 in Short Blades
  7099 | D:6      | Reached *** piety under Trog
  7250 | D:6      | Reached skill level 11 in Short Blades
  7945 | D:7      | Reached XP level 10. HP: 63/63 MP: 10/10
  8761 | D:8      | Reached skill level 12 in Short Blades
  8955 | D:8      | Reached **** piety under Trog
  9027 | D:8      | Found a sparkling altar of Nemelex Xobeh.
  9221 | D:8      | Found Fulee's Jewellery Emporium.
  9227 | D:8      | Bought a ring of see invisible for 195 gold pieces
 10045 | D:9      | Identified the +6 scale mail of Hubris {Str+4 Int+6}
 10333 | D:9      | Noticed a gargoyle
 10337 | D:9      | Killed a gargoyle
 10338 | D:9      | Reached skill level 13 in Short Blades
 11039 | D:10     | Entered Level 10 of the Dungeon
 11039 | D:10     | Noticed a two-headed ogre
 11413 | D:10     | Found Masawaum's Assorted Antiques.
 11418 | D:10     | Bought a blackened sapphire ring for 130 gold pieces
 11465 | D:10     | Killed a two-headed ogre
 11466 | D:10     | Reached skill level 10 in Stealth
 11466 | D:10     | Reached XP level 11. HP: 69/69 MP: 11/11
 11544 | D:10     | Reached skill level 14 in Short Blades
 12437 | D:11     | Noticed Nergalle
 12441 | D:11     | Killed Nergalle
 12488 | D:11     | Noticed a two-headed ogre
 12492 | D:11     | Killed a two-headed ogre
 12493 | D:11     | Reached skill level 10 in Fighting
 12493 | D:11     | Reached skill level 10 in Dodging
 12499 | D:11     | Noticed a two-headed ogre
 12502 | D:11     | Noticed a two-headed ogre
 12503 | D:11     | Killed a two-headed ogre
 12505 | D:11     | Killed a two-headed ogre
 12506 | D:11     | Noticed a cyclops
 12510 | D:11     | Killed a cyclops
 12511 | D:11     | Reached XP level 12. HP: 79/79 MP: 12/12
 12655 | D:11     | Noticed a two-headed ogre
 12664 | D:11     | Mangled by a two-headed ogre

Illustrated notes

Levels and vault maps discovered:
D:1:      shiori_arrival_whats_in_store_for_you, layout_basic, minmay_cupped
D:2:      layout_loops_corners, uniq_natasha
D:3:      layout_basic
D:4:      layout_cave_pools, grunt_temple_overflow_forces_of_nature,
          nicolae_shop_clearance, uniq_blork_the_orc, uniq_eustachio,
          uniq_grinder
D:5:      cheibrodos_quashed, layout_basic, lemuel_tele_altar
D:6:      minmay_razor_zed, layout_basic, minmay_temple_entry_antechambers
D:7:      layout_loops_cross, st_stairs_6
D:8:      layout_basic, kennysheep_little_box, serial_shops,
          nicolae_shop_temple_entry_statues_fountains
D:9:      layout_long_grid, st_stairs_9, billiards_dpeg
D:10:     layout_irregular_city, serial_shops, shop,
          corexii_hall_statues_deadend
D:11:     layout_layer_cave, erik_lair_dragon, nicolae_blasting_shop,
          hellmonk_guarded_unrand_dark_maul, uniq_nergalle, uniq_harold

Skill      XL: |  1  2  3  4  5  6  7  8  9 10 11 12 |
---------------+-------------------------------------+-----
Stealth        | 1 2 3 4 5 6 8 10 11 12 | 12.1
Dodging        | 3 4 6 7 8 10 | 10.6
Short Blades   | 5 6 7 9 11 13 14 | 14.0
Fighting       | 4 5 6 7 8 10 | 10.9
Armour         | |  1.5

Action                     |  1- 3 |  4- 6 |  7- 9 | 10-12 || total
---------------------------+-------+-------+-------+-------++-------
  Melee: Short sword       |    65 |   210 |    76 |       ||   351
         Unarmed           |       |     7 |       |       ||     7
         Punch             |       |     3 |     5 |     2 ||    10
         Rapier            |       |       |   156 |   172 ||   328
         Headbutt          |       |       |     8 |    44 ||    52
 Invoke: Berserk           |       |     4 |     5 |       ||     9
         Trog's Hand       |       |     3 |     1 |     2 ||     6
  Evoke: Wand              |       |       |     1 |       ||     1
    Use: Potion            |       |     4 |     1 |     2 ||     7
         Scroll            |       |       |    18 |     5 ||    23
   Stab: Sleeping          |     7 |    10 |    16 |    22 ||    55
         Distracted        |       |       |       |     2 ||     2
 Armour: Animal skin       |    12 |    13 |       |       ||    25
         Skin              |       |     2 |       |       ||     2
         Robe              |       |     3 |    47 |     4 ||    54
         Steam dragon scal |       |       |       |     4 ||     4
  Dodge: Dodged            |    66 |   168 |   190 |   104 ||   528
